 Dungeon Crawl Stone Soup version 0.31.0-1-g2c135a008e (webtiles) character file.

Game seed: 5030064561119662665

1467 qw the Shooter (level 9, -3/65 HPs)
             Began as a Djinni Hunter on Jan 23, 2024.
             Was a Priest of Okawaru.
             Slain by an orc warrior
             ... wielding a +0 trident
              (5 damage)
             ... on level 6 of the Dungeon.
             The game lasted 00:00:20 (5249 turns).

qw the Shooter (Djinni Hunter)                      Turns: 5249, Time: 00:00:21

Health: -3/65      AC:  9    Str: 10    XL:     9   Next: 6%
Gold:   216        EV: 12    Int: 11    God:    Okawaru [***...] SH:  0 Dex: 21

rFire   + + .        a - +2 shortbow (flame)
rCold   x . .        (shield currently unavailable)
rNeg    + . .        h - +0 ring mail
rPois   inf          i - +1 helmet
rElec   .            (no cloak)
rCorr   .            b - +1 pair of gloves
SInv    .            (boots unavailable)
Will    .....        (no amulet)
Stlth   +            n - ring of positive energy
HPRegen 0.30/turn    (no ring)
MPRegen 0.00/turn

%: infuse magic (-4 HP)
@: on fire, about to teleport, flying, glowing
A: sickness immunity, fire resistance 2, cold vulnerability 1, float, innate
caster, HP casting, extra vitality 1
a: Renounce Religion, Heroism


You were on level 6 of the Dungeon.
You worshipped Okawaru.
Okawaru was most pleased with you.
You visited 2 branches of the dungeon, and saw 7 of its levels.

You collected 285 gold pieces.
You spent 69 gold pieces at shops.


Innate Abilities, Weirdness & Mutations

You are immune to sickness and miasma.
You are immune to poison.
Your flesh is very heat resistant. (rF++)
You are vulnerable to cold. (rC-)
You float through the air rather than walking.
You learn spells naturally, not from books.
Your magical power is your life essence.
You have superior vitality. (+4 MHP)


   Skills:
 - Level 5.1 Fighting
 + Level 7.1 Ranged Weapons
 - Level 2.1 Armour
 - Level 4.0 Dodging
 - Level 0.7 Stealth
 + Level 3.8 Invocations


You knew the following spells:

 Your Spells              Type           Power      Damage    Failure   Level
a - Kiss of Death         Conj/Necr      0%         2d5       65%         1
b - Call Imp              Summ           0%         N/A       80%         2
c - Ozocubu's Armour      Ice            0%         N/A       95%         3
d - Stone Arrow           Conj/Erth      0%         3d7       95%         3
Your spell library was empty.

Inventory:

Hand Weapons
 a - a +2 shortbow of flaming (weapon)
Armour
 b - a +1 pair of gloves (worn)
 h - a +0 ring mail (worn)
 i - a +1 helmet (worn)
Jewellery
 n - a ring of positive energy (left hand)
Potions
 c - a potion of resistance
 d - 2 potions of curing
 j - a potion of invisibility {unknown}
 k - a potion of might {unknown}
 l - a potion of enlightenment
 m - a potion of mutation {unknown}

Dungeon Overview and Level Annotations

Branches:
Dungeon (6/15)             Temple (1/1) D:4

Altars:
Ashenzari
Cheibriados
Dithmenos
Elyvilon
Gozag
Nemelex Xobeh
Okawaru
Qazlal
Ru
Trog
Uskayaw
Wu Jian
Xom
Yredelemnul
Zin
The Shining One

Shops:
D:2 (*!*


Message History

The arrow burns the bombardier beetle.
The bombardier beetle is lightly wounded.
The liquid fire burns you!
The orc warrior hits you but does no damage.
You shoot an arrow. The arrow hits the bombardier beetle.
The arrow burns the bombardier beetle.
The bombardier beetle is moderately wounded.
The liquid fire burns you!
The orc warrior hits you but does no damage.
The bombardier beetle bites you.
You shoot an arrow. The arrow hits the bombardier beetle.
The arrow burns the bombardier beetle.
The bombardier beetle is heavily wounded.
The liquid fire burns you!
The orc warrior hits you from afar with a +0 trident.
The bombardier beetle bites you but does no damage.
The orc warrior barely misses you.
5246 ||| READING scroll of teleportation.
As you read the scroll of teleportation, it crumbles to dust.
You feel strangely unstable. The liquid fire burns you!
The orc warrior hits you from afar with a +0 trident.
You shoot an arrow. The arrow hits the bombardier beetle.
The arrow burns the bombardier beetle.
The bombardier beetle is almost dead.
The liquid fire burns you! The bombardier beetle bites you.
The orc warrior hits you but does no damage.
You shoot an arrow. The arrow hits the bombardier beetle.
The arrow burns the bombardier beetle.
You kill the bombardier beetle!
Okawaru accepts your kill. The liquid fire burns you!
The orc warrior hits you from afar with a +0 trident.
You shoot an arrow.
The arrow hits the orc warrior but does no damage.
The orc warrior is heavily wounded.
The liquid fire burns you!
The orc warrior hits you from afar with a +0 trident.
You die...

....... .....#
....?..## .....#
........# .....#
...?....##.....##
........#........
........#......#
..!...o.#....#
.......)#<...#
.....).)@....#
.......###....#
S.).... .......
....... ...#>..
....... ...# ##
....... ....
....... .#...
.#....


You could see an orc warrior.

Vanquished Creatures
  Pikel (D:4)
  A steam dragon (D:6)
  A water moccasin (D:6)
  A phantom (D:4)
  A lemure (D:4)
  A scorpion (D:5)
  2 bombardier beetles
  2 hounds
  An orc priest (D:6)
  4 jellies
  Jessica (D:3)
  Natasha (twice) (D:2)
  2 orc wizards
  Terence (D:3)
  4 gnolls (D:4)
  7 adders
  A shadow imp (D:5)
  2 white imps
  An ufetubus (D:6)
  5 dart slugs
  A ribbon worm (D:2)
  15 orcs
  7 ball pythons
  5 endoplasms
  3 giant cockroaches
  6 goblins
  5 hobgoblins
  6 jackals
  3 kobolds
  3 quokkas
  7 bats
  5 frilled lizards
  8 rats
115 creatures vanquished.

Vanquished Creatures (others)
  An orc wizard (D:6)
  An ufetubus (D:6)
2 creatures vanquished.

Grand Total: 117 creatures vanquished

Notes
Turn   | Place    | Note
-------+----------+-------------------------------------------
     0 | D:1      | qw the Djinni Hunter began the quest for the Orb.
     0 | D:1      | Reached XP level 1. HP: 18/18 MP: 0/0
     0 | D:1      | 0 ||| qw: Version: 0.3-a-134-g2ba4250
     0 | D:1      | 0 ||| qw: Game counter: 743
     0 | D:1      | 0 ||| qw: Melee chars always use a shield: true
     0 | D:1      | 0 ||| qw: God list: Okawaru
     0 | D:1      | 0 ||| qw: Allow faded altars: false
     0 | D:1      | 0 ||| qw: Do Orc after clearing Dungeon:15 true
     0 | D:1      | 0 ||| qw: Do second Lair branch before Depths: true
     0 | D:1      | 0 ||| qw: Lair rune preference: random
     0 | D:1      | 0 ||| qw: Goals: Normal
     0 | D:1      | 0 ||| PLANNING D:1-11
   257 | D:1      | Reached XP level 2. HP: 23/23 MP: 0/0
   806 | D:1      | Reached XP level 3. HP: 28/28 MP: 0/0
   806 | D:1      | Learned a level 1 spell: Kiss of Death
   826 | D:1      | Reached skill level 4 in Ranged Weapons
   921 | D:1      | 921 ||| UPGRADING to +0 ring mail.
   931 | D:1      | 931 ||| DROPPING +0 leather armour.
   932 | D:1      | 932 ||| UPGRADING to +0 helmet.
   937 | D:1      | 937 ||| READING scroll labelled QIOSTR XIUH.
   937 | D:1      | 937 ||| BRANDING +0 shortbow.
   938 | D:1      | 938 ||| READING scroll labelled RIHIGAURIYD.
  1039 | D:1      | 1039 ||| DRINKING 2 brown potions.
  1040 | D:1      | 1040 ||| DROPPING scroll of butterflies.
  1045 | D:2      | Found Ryfashromn's Antique Weapon Shoppe.
  1070 | D:2      | Found Faelad's Assorted Antiques.
  1079 | D:2      | 1079 ||| SHOPLISTING brass wand (84 gold, have 63).
  1079 | D:2      | 1079 ||| BUYING scroll labelled TAADDI JYRCH (21 gold).
  1079 | D:2      | Bought a scroll labelled TAADDI JYRCH for 21 gold pieces
  1079 | D:2      | 1079 ||| SHOPLISTING shiny garnet ring (105 gold, have 42).
  1203 | D:2      | Reached XP level 4. HP: 33/33 MP: 0/0
  1233 | D:2      | Found a faded altar of an unknown god.
  1255 | D:2      | Found Gynof's Distillery.
  1264 | D:2      | 1264 ||| BUYING potion of curing (30 gold).
  1264 | D:2      | Bought a potion of curing for 30 gold pieces
  1264 | D:2      | 1264 ||| SHOPLISTING potion of haste (100 gold, have 30).
  1264 | D:2      | 1264 ||| SHOPLISTING potion of heal wounds (50 gold, have
                  | 30).
  1264 | D:2      | 1264 ||| SHOPLISTING potion of might (40 gold, have 30).
  1361 | D:2      | Found Joor's Assorted Antiques.
  1372 | D:2      | 1372 ||| BUYING murky red potion (18 gold).
  1372 | D:2      | Bought a murky red potion for 18 gold pieces
  1372 | D:2      | 1372 ||| SHOPLISTING pink potion (18 gold, have 12).
  1372 | D:2      | 1372 ||| SHOPLISTING runed sling (94 gold, have 12).
  1372 | D:2      | 1372 ||| SHOPLISTING scroll labelled TAADDI JYRCH (21 gold,
                  | have 12).
  1378 | D:2      | Noticed Natasha
  1387 | D:2      | Killed Natasha
  1459 | D:2      | Reached skill level 3 in Fighting
  1459 | D:2      | Reached XP level 5. HP: 40/40 MP: 0/0
  1459 | D:2      | Learned a level 2 spell: Call Imp
  1685 | D:2      | Found a white marble altar of Elyvilon.
  1873 | D:2      | Found Iteg's Jewellery Shoppe.
  2163 | D:2      | Noticed Natasha
  2168 | D:2      | Killed Natasha
  2280 | D:2      | 2280 ||| READING scroll labelled AROLAO DIDIUZ.
  2280 | D:2      | 2280 ||| ENCHANTING +0 shortbow of draining.
  2281 | D:2      | 2281 ||| READING scroll labelled TAADDI JYRCH.
  2281 | D:2      | 2281 ||| IDENTIFYING red potion
  2282 | D:2      | 2282 ||| READING scroll labelled DEXTAUTAZA.
  2282 | D:2      | 2282 ||| ENCHANTING +0 helmet.
  2283 | D:2      | 2283 ||| DRINKING 2 viscous blue potions.
  2284 | D:2      | 2284 ||| DROPPING potion of magic.
  2310 | D:3      | Found a stormy altar of Qazlal.
  2311 | D:3      | Noticed Jessica
  2319 | D:3      | Killed Jessica
  2363 | D:3      | Reached XP level 6. HP: 46/46 MP: 0/0
  2488 | D:3      | Noticed Terence
  2494 | D:3      | Killed Terence
  2495 | D:3      | Reached skill level 5 in Ranged Weapons
  2581 | D:3      | Found a sparkling altar of Nemelex Xobeh.
  2835 | D:3      | Reached skill level 3 in Dodging
  2924 | D:3      | 2924 ||| UPGRADING to +1 pair of gloves.
  2929 | D:3      | 2929 ||| DRINKING 2 amethyst potions.
  3055 | D:4      | Found a staircase to the Ecumenical Temple.
  3056 | D:4      | 3056 ||| PLANNING TEMPLE
  3057 | D:4      | 3057 ||| READING scroll of identify.
  3057 | D:4      | 3057 ||| IDENTIFYING bubbling puce potion
  3058 | D:4      | 3058 ||| READING scroll labelled AKHUNIGIQI.
  3067 | Temple   | Entered the Ecumenical Temple
  3068 | Temple   | 3068 ||| PLANNING OKAWARU WORSHIP
  3075 | Temple   | Became a worshipper of Warmaster Okawaru
  3076 | Temple   | 3076 ||| PLANNING D:1-11
  3087 | D:4      | 3087 ||| FLEEEEING.
  3088 | D:4      | 3088 ||| FLEEEEING.
  3307 | D:4      | Found a sacrificial altar of Ru.
  3309 | D:4      | Found a white marble altar of Elyvilon.
  3309 | D:4      | Found a hide-covered altar of Uskayaw.
  3310 | D:4      | Found a bloodstained altar of Trog.
  3333 | D:4      | Found a snail-covered altar of Cheibriados.
  3388 | D:4      | Reached XP level 7. HP: 42/53 MP: 0/0
  3388 | D:4      | Learned a level 3 spell: Ozocubu's Armour
  3398 | D:4      | 3398 ||| FLEEEEING.
  3399 | D:4      | 3399 ||| FLEEEEING.
  3400 | D:4      | 3400 ||| FLEEEEING.
  3401 | D:4      | 3401 ||| FLEEEEING.
  3402 | D:4      | 3402 ||| FLEEEEING.
  3403 | D:4      | 3403 ||| FLEEEEING.
  3404 | D:4      | 3404 ||| FLEEEEING.
  3405 | D:4      | 3405 ||| FLEEEEING.
  3406 | D:4      | 3406 ||| FLEEEEING.
  3407 | D:4      | 3407 ||| FLEEEEING.
  3408 | D:4      | 3408 ||| FLEEEEING.
  3409 | D:4      | 3409 ||| FLEEEEING.
  3410 | D:4      | 3410 ||| FLEEEEING.
  3411 | D:4      | 3411 ||| FLEEEEING.
  3412 | D:4      | 3412 ||| FLEEEEING.
  3413 | D:4      | 3413 ||| FLEEEEING.
  3414 | D:4      | 3414 ||| FLEEEEING.
  3415 | D:4      | 3415 ||| FLEEEEING.
  3416 | D:4      | 3416 ||| FLEEEEING.
  3417 | D:4      | 3417 ||| FLEEEEING.
  3418 | D:4      | 3418 ||| FLEEEEING.
  3419 | D:4      | 3419 ||| FLEEEEING.
  3420 | D:4      | 3420 ||| FLEEEEING.
  3421 | D:4      | 3421 ||| FLEEEEING.
  3422 | D:4      | 3422 ||| FLEEEEING.
  3423 | D:4      | 3423 ||| FLEEEEING.
  3446 | D:4      | Found a glowing golden altar of the Shining One.
  3461 | D:4      | Found a glowing silver altar of Zin.
  3461 | D:4      | Found a sacrificial altar of Ru.
  3463 | D:4      | Found a shimmering altar of Xom.
  3463 | D:4      | Found a shimmering altar of Xom.
  3599 | D:4      | Found a glowing golden altar of the Shining One.
  3730 | D:4      | 3730 ||| UPGRADING to ring of positive energy.
  3731 | D:4      | 3731 ||| READING scroll labelled HORPHO QEIFOSO.
  3732 | D:4      | 3732 ||| DRINKING 2 purple potions.
  3837 | D:4      | 3837 ||| DRINKING 2 glowing yellow potions.
  3838 | D:4      | 3838 ||| DROPPING potion of berserk rage.
  3882 | D:5      | Entered Level 5 of the Dungeon
  3882 | D:5      | Noticed Pikel
  3883 | D:5      | 3883 ||| DRINKING potion of haste.
  3889 | D:5      | 3889 ||| STAIRDANCE
  3930 | D:5      | 3930 ||| STAIRDANCE
  3932 | D:4      | 3932 ||| RETREEEEATING.
  3933 | D:4      | 3933 ||| RETREEEEATING.
  3939 | D:4      | HP: 13/53 [Pikel/+1 whip of flaming (1)]
  3940 | D:4      | 3940 ||| DRINKING potion of heal wounds.
  3948 | D:4      | Killed Pikel
  3948 | D:4      | Reached * piety under Okawaru
  3948 | D:4      | Reached ** piety under Okawaru
  3949 | D:4      | Reached skill level 6 in Ranged Weapons
  3949 | D:4      | Reached XP level 8. HP: 20/58 MP: 0/0
  4148 | D:5      | 4148 ||| READING scroll of enchant weapon.
  4148 | D:5      | 4148 ||| ENCHANTING +1 shortbow of draining.
  4238 | D:5      | Reached skill level 1 in Invocations
  4717 | D:5      | 4717 ||| READING scroll of brand weapon.
  4717 | D:5      | 4717 ||| BRANDING +2 shortbow of draining.
  4967 | D:5      | 4967 ||| DROPPING ring of wizardry.
  4968 | D:5      | 4968 ||| READING scroll of identify.
  4968 | D:5      | 4968 ||| IDENTIFYING clear potion
  4969 | D:5      | 4969 ||| READING scroll labelled RAEBLA MENGEA.
  4970 | D:5      | 4970 ||| READING 2 scrolls labelled RYOBIKHITZ.
  4973 | D:5      | 4973 ||| DROPPING potion of brilliance.
  5001 | D:6      | Reached skill level 7 in Ranged Weapons
  5007 | D:6      | 5007 ||| FLEEEEING.
  5024 | D:6      | Reached skill level 3 in Invocations
  5027 | D:6      | 5027 ||| FLEEEEING.
  5028 | D:6      | 5028 ||| STAIRDANCE
  5168 | D:6      | 5168 ||| STAIRDANCE
  5204 | D:6      | 5204 ||| STAIRDANCE
  5220 | D:6      | 5220 ||| STAIRDANCE
  5226 | D:6      | Reached *** piety under Okawaru
  5227 | D:6      | Reached XP level 9. HP: 65/65 MP: 0/0
  5227 | D:6      | Learned a level 3 spell: Stone Arrow
  5245 | D:6      | HP: 16/65 [burnt (1)]
  5246 | D:6      | 5246 ||| READING scroll of teleportation.
  5247 | D:6      | HP: 7/65 [bombardier beetle (3)]
  5248 | D:6      | HP: 3/65 [orc warrior/+0 trident (4)]
  5249 | D:6      | Slain by an orc warrior

Levels and vault maps discovered:
D:1:      dpeg_arrival_concentric_ovals, layout_loops_corners
D:2:      layout_basic, shapermc_ecumenical_altar_venn, basic_altar,
          serial_shops, nicolae_shop_advertising_works
          [nicolae_subvault_shop_adworks], shop, nicolae_shop_window_shopping,
          shop, nicolae_shop_just_a_little_nook, serial_curves, eino_curves_01,
          eino_curves_01, wander_ebering_terrifying_dragon_lair, uniq_natasha
D:3:      layout_loops_ring, lemuel_round_altar, mainiacjoe_overflow_alcove_1,
          serial_glass, glass_columns_b, glass_columns_b, uniq_jessica,
          uniq_terence
D:4:      layout_basic, kennysheep_slug_shrine, nicolae_tso_swordbearing_angel,
          doesnt_xom_only_xom, grunt_temple_overflow_open,
          minmay_temple_entry_trees
D:5:      layout_basic, kennysheep_generic_room_12, uniq_pikel
D:6:      layout_basic, nicolae_kikubaaqudgha_miasma_corner, serial_shops,
          nicolae_shop_statue_plus, uniq_blork_the_orc
Temple:   nicolae_temple_two_arcs

Skill      XL: |  1  2  3  4  5  6  7  8 |
---------------+-------------------------+-----
Ranged Weapons | 4 5 6 7 |  7.1
Armour         | 2 |  2.1
Fighting       | 3 4 5 |  5.1
Dodging        | 3 4 |  4.0
Invocations    | 3 |  3.8
Stealth        | |  0.7

Action                     |  1- 3 |  4- 6 |  7- 9 || total
---------------------------+-------+-------+-------++-------
   Fire: Shortbow          |    80 |   164 |   141 ||   385
    Use: Scroll            |     2 |     5 |     7 ||    14
         Potion            |     1 |     2 |     4 ||     7
 Armour: Leather armour    |    24 |       |       ||    24
         Ring mail         |     3 |    84 |   111 ||   198
  Dodge: Dodged            |    24 |    85 |    84 ||   193

Table legend:
 A = Non-vault XP
 B = Vault XP
 C = Vault XP percentage of total XP
 D = Non-vault monster count
 E = Vault monster count
 F = Vault count percentage of total count
                 A         B        C        D         E       F
            +---------+---------+-------+---------+---------+-------
      Total |    1381 |     716 |  34.1 |     109 |       6 |   5.2
            +---------+---------+-------+---------+---------+-------
        D:1 |      35 |       0 |   0.0 |      21 |       0 |   0.0
        D:2 |     123 |      36 |  22.6 |      14 |       2 |  12.5
        D:3 |     137 |      69 |  33.5 |      24 |       2 |   7.7
        D:4 |     253 |     611 |  70.7 |      26 |       2 |   7.1
        D:5 |     292 |       0 |   0.0 |      13 |       0 |   0.0
        D:6 |     541 |       0 |   0.0 |      11 |       0 |   0.0
            +---------+---------+-------+---------+---------+-------
